 Dungeon Crawl Stone Soup version 0.30-a0-263-ge22c4ad894 (webtiles) character file.

Game seed: 15319343495371669809

136 sscrono2 the Sneak (level 5, -8/36 HPs)
             Began as an Octopode Delver on Oct 13, 2022.
             Was a Believer of Cheibriados.
             Mangled by a gnoll
             ... wielding a +3 spear of venom
              (12 damage)
             ... on level 2 of the Dungeon.
             The game lasted 00:04:50 (2089 turns).

sscrono2 the Sneak (Octopode Delver)                Turns: 2089, Time: 00:04:52

Health: -8/36      AC:  1    Str: 16    XL:     5   Next: 19%
Magic:  8/8        EV: 13    Int: 20    God:    Cheibriados [**....]
Gold:   85         SH:  0    Dex: 18    Spells: 3/8 levels left

rFire   + . .      SeeInvis .    c - +0 dagger (pain)
rCold   + . .      Faith    .    (no shield)
rNeg    . . .      Spirit   .    (helmet restricted)
rPois   +          Reflect  .    (no amulet)
rElec   +          Harm     .    (no ring)
rCorr   +          Rampage  .    (no ring)
Will    .....                    (no ring)
Stlth   +++++.....               (no ring)
HPRegen 0.26/turn                (no ring)
MPRegen 0.11/turn                (no ring)
                                 (no ring)
                                 (no ring)

@: lethally poisoned (-8 -> -35), resistant, very slow
A: almost no armour, amphibious, 8 rings, camouflage 1, gelatinous body 1,
(nimble swimmer 1), tentacles
a: Renounce Religion, Bend Time


You were on level 2 of the Dungeon.
You worshipped Cheibriados.
Cheibriados was pleased with you.
You visited 1 branch of the dungeon, and saw 5 of its levels.

You collected 85 gold pieces.

Inventory:

Hand Weapons
 c - a +0 dagger of pain (weapon)
Missiles
 k - 4 poisoned darts (quivered)
Magical Staves
 j - a staff of conjuration
Wands
 e - a wand of digging (3)
Scrolls
 a - a scroll of fog
 b - a scroll of magic mapping
 f - a scroll of poison {unknown}
 h - a scroll of enchant armour {unknown}
 i - a scroll of noise {unknown}
 m - a scroll of vulnerability {unknown}
 n - 2 scrolls of identify {unknown}
 o - a scroll of enchant weapon {unknown}
Potions
 d - a potion of haste
 l - a potion of berserk rage


   Skills:
 - Level 3.0 Fighting
 * Level 0.1 Short Blades
 - Level 2.0 Dodging
 - Level 6.6 Stealth
 - Level 4.3 Unarmed Combat
 + Level 2.0 Spellcasting
 * Level 0.5 Necromancy
 - Level 0.2 Earth Magic


You had 3 spell levels left.
You knew the following spells:

 Your Spells              Type           Power      Damage    Failure   Level
a - Borgnjor's Vile Clut  Necr/Erth      1%         N/A       98%         5

Your spell library contained the following spells:

 Spells                   Type           Power      Damage    Failure   Level
 Gell's Gravitas          Tloc           2%         N/A       43%         3
 Teleport Other           Tloc           2%         N/A       43%         3
 Animate Dead             Necr           4%         N/A       77%         4
 Death Channel            Necr           2%         N/A       100%        6
 Dispersal                Tloc           1%         N/A       100%        6


Dungeon Overview and Level Annotations

Branches:
Dungeon (5/15)
 Temple: D:4-7

Altars:
Cheibriados

Shops:
D:1 (


Innate Abilities, Weirdness & Mutations

You cannot wear most types of armour.
You are amphibious.
You can wear up to eight rings at the same time.
Your skin changes colour to match your surroundings (Stealth+).
Your rubbery body absorbs attacks. (AC +1, EV +1)
((You are camouflaged when in or above water. (Stealth+)))
You have tentacles for arms and can constrict up to eight enemies at once.


Message History

No target in view!
No target in view!
No target in view!
No target in view!
No target in view!
No target in view!
No target in view!
No target in view!
No target in view!
No target in view!
No target in view!
Done exploring.
Done exploring.
Done exploring.
(D) Dungeon
Where to? (Enter - D:3 @ (x,y), ? - help)
There is a stone staircase leading down here.
You climb downwards.
There is a stone staircase leading up here.
A gnoll is nearby!
You start waiting.
Done waiting.
A gnoll is nearby!
The gnoll shouts!
The gnoll hits you with a +3 spear of venom!
You are poisoned.
The gnoll hits you with a +3 spear of venom.
You are lethally poisoned!
You barely miss the gnoll. You grab the gnoll. You constrict the gnoll.
You feel very sick.
The gnoll hits you with a +3 spear of venom!
* * * LOW HITPOINT WARNING * * *
You are more poisoned.
It was a potion of resistance.
You feel protected.
You constrict the gnoll.
* * * LOW HITPOINT WARNING * * *
You feel very sick.
The gnoll hits you with a +3 spear of venom!
You die...

#... #.# ##......#
#....# #... #.#
#......# ##...# #...
#.# #......####....
####...##.#
#.....)'.......
........#.#
#(.....#######.
#######.# #......# ##
#...).#.#+####..g...#
#
#.##......g......####
#<.#.......@.....#
####.............#
.................#
#########........#
#........# #........#
#........# #........#
#........#


You could see 2 gnolls.

Vanquished Creatures
  Jessica (D:2)
  A gnoll (D:2)
  3 adders
  2 worms
  2 dart slugs
  8 bats
  10 endoplasms
  2 giant cockroaches (D:1)
  8 goblins
  4 hobgoblins
  3 quokkas (D:1)
  4 ball pythons
  4 frilled lizards
  3 kobolds
  5 rats
60 creatures vanquished.

Notes
Turn   | Place    | Note
-------+----------+-------------------------------------------
     0 | D:5      | sscrono2 the Octopode Delver began the quest for the Orb.
     0 | D:5      | Reached XP level 1. HP: 16/16 MP: 1/1
    37 | D:5      | Noticed an orc wizard
   153 | D:2      | Noticed Jessica
   297 | D:3      | Found a snail-covered altar of Cheibriados.
   335 | D:3      | Became a worshipper of Cheibriados the Contemplative
   400 | D:3      | Reached XP level 2. HP: 21/21 MP: 2/2
   469 | D:3      | Reached skill level 1 in Spellcasting
   469 | D:3      | Reached XP level 3. HP: 23/26 MP: 4/4
   523 | D:3      | Noticed a phantom
   725 | D:2      | Reached * piety under Cheibriados
   726 | D:2      | Reached XP level 4. HP: 24/31 MP: 6/6
   881 | D:2      | Killed Jessica
  1194 | D:1      | Found a faded altar of an unknown god.
  1274 | D:1      | Reached ** piety under Cheibriados
  1289 | D:1      | Reached XP level 5. HP: 35/36 MP: 7/7
  1295 | D:1      | Learned a level 5 spell: Borgnjor's Vile Clutch
  1519 | D:1      | Found Ibrei's Weapon Shoppe.
  2089 | D:2      | Mangled by a gnoll

Illustrated notes

Levels and vault maps discovered:
D:1:      dpeg_arrival_solitude, layout_basic, chequers_ecumenical_altar_simple,
          serial_shops, nicolae_shop_trees, chequers_serial_rivers_room_b
D:2:      layout_basic, uniq_jessica, uniq_crazy_yiuf_cottage, uniq_natasha
D:3:      layout_basic, mainiacjoe_overflow_concentric_impassable
D:4:      kennysheep_six_static_rooms, layout_layer_cave,
          dreamdust_princess_bridge, chequers_arboretum
D:5:      layout_rooms, nicolae_vehumet_altar_sigil, kiku_gazebo_garden_becter,
          uniq_ijyb, uniq_menkaure

Skill      XL: |  1  2  3  4  5 |
---------------+----------------+-----
Unarmed Combat | 3 4 |  4.3
Spellcasting   | 1 2 |  2.0
Fighting       | |  3.0
Short Blades   | |  0.1
Dodging        | |  2.0
Stealth        | |  6.6
Necromancy     | |  0.5
Earth Magic    | |  0.2

Action                   |  1- 3 |  4- 6 || total
-------------------------+-------+-------++-------
Melee: Unarmed           |    54 |    24 ||    78
       Constrict         |    13 |    16 ||    29
       Tentacles         |    12 |    15 ||    27
       Dagger            |       |    40 ||    40
       Punch             |       |     3 ||     3
  Use: Potion            |       |     4 ||     4
       Scroll            |       |     1 ||     1
 Stab: Sleeping          |     7 |    12 ||    19
       Distracted        |       |     1 ||     1
Armor: Skin              |     8 |     3 ||    11
Dodge: Dodged            |    31 |    37 ||    68

Table legend: (Time is in decaauts)
 A = Elapsed time spent in this place.
 B = Non-inter-level travel time spent in this place.
 C = Inter-level travel time spent in this place.
 D = Time resting spent in this place.
 E = Time spent auto-exploring this place.
 F = Levels seen in this place.
 G = Mean time per level.
                   A        B        C        D        E       F      G
               +--------+--------+--------+--------+--------+-----+--------+
         Total |   2572 |   2496 |     76 |    486 |   1354 |   5 |  514.4 |
       Dungeon |   2572 |   2496 |     76 |    486 |   1354 |   5 |  514.4 |
               +--------+--------+--------+--------+--------+-----+--------+

Top non-repeatable levels by time:
     D:1: 1337 daAuts
     D:3: 609 daAuts
     D:2: 566 daAuts
     D:5: 39 daAuts
     D:4: 19 daAuts
